 Dungeon Crawl Stone Soup version 0.19.0-11-g3fc08b3 (webtiles) character file.

66200 Leszczynek the Cruncher (level 14, -17/84 HPs)
             Began as a Deep Elf Hunter on Nov 8, 2016.
             Was a High Priest of Okawaru.
             Demolished by a sun demon (20 damage)
             ... summoned by an orc sorcerer
             ... while paralysed by an orc sorcerer
             ... on level 2 of the Orcish Mines.
             The game lasted 01:37:48 (27160 turns).

Leszczynek the Cruncher (Deep Elf Hunter)          Turns: 27160, Time: 01:37:48

Health: -17/84     AC: 19    Str: 13    XL:     14   Next: 78%
Magic:  0/21       EV:  2    Int: 22    God:    Okawaru [*****.]
Gold:   1361       SH:  0    Dex: 21    Spells: 3 memorised, 6 levels left

rFire  + + .     SeeInvis .     b - +6 lajatang of the Eight Wonders {slice, +Rage rC+ rN+ Stlth+}
rCold  + + .     Gourm    .     A - +3 ring mail of Orthodoxy {rF++}
rNeg   + . .     Faith    .     (shield currently unavailable)
rPois  +         Spirit   +     g - +0 helmet
rElec  +         Reflect  .     r - +2 cloak
rCorr  .         Harm     .     I - +1 pair of gloves "Fuseagg" {rElec rC+ Int+4 Dex+6}
MR     ++...     NoTele   +     n - +1 pair of boots {run}
Stlth  ++++......               T - amulet of guardian spirit
                                o - +5 ring of evasion
                                s - ring "Iteselyu" {-Tele +Inv rPois MR+}

@: paralysed, lethally poisoned (-17 -> -24), heroism, quick
A: no striking features
a: Heroism, Finesse, Renounce Religion, Evoke Berserk Rage, Evoke Invisibility


You were on level 2 of the Orcish Mines.
You worshipped Okawaru.
Okawaru was extremely pleased with you.
You were hungry.

You visited 4 branches of the dungeon, and saw 21 of its levels.
You also visited: Ice Cave.

You collected 2418 gold pieces.
You spent 1057 gold pieces at shops.

Inventory:

Hand Weapons
 a - the +6 longbow of Magnificence {freeze, -Tele rC+ Str+6 Dex+4}
   (Okawaru gifted it to you on level 6 of the Lair of Beasts)

   It causes projectiles fired from it to freeze those they strike, causing
   extra injury to most foes and up to half again as much damage against
   particularly susceptible opponents.
   They can also slow down cold-blooded creatures.
   It affects your strength (+6).
   It affects your dexterity (+4).
   It protects you from cold.
   It prevents most forms of teleportation.
 b - the +6 lajatang of the Eight Wonders (weapon) {slice, +Rage rC+ rN+ Stlth+}
   (You bought it in a shop on level 9 of the Dungeon)

   It inflicts extra damage upon your enemies.
   It protects you from cold.
   It protects you from negative energy.
   It lets you go berserk.
   It makes you more stealthy.
 c - a +3 scimitar of flaming
Missiles
 f - 353 arrows
Armour
 g - a +0 helmet (worn)
 n - a +1 pair of boots of running (worn)
 r - a +2 cloak (worn)
 A - the +3 ring mail of Orthodoxy (worn) {rF++}
   (You found it on level 1 of the Lair of Beasts)

   It greatly protects you from fire.
 I - the +1 pair of gloves "Fuseagg" (worn) {rElec rC+ Int+4 Dex+6}
   (You found it on level 8 of the Dungeon)

   It affects your intelligence (+4).
   It affects your dexterity (+6).
   It protects you from cold.
   It insulates you from electricity.
Jewellery
 o - a +5 ring of evasion (right hand)
 s - the ring "Iteselyu" (left hand) {-Tele +Inv rPois MR+}
   (You took it off a big kobold on level 9 of the Dungeon)

   [ring of poison resistance]

   It protects you from poison.
   It affects your resistance to hostile enchantments.
   It lets you turn invisible.
   It prevents most forms of teleportation.
 T - an amulet of guardian spirit (around neck)
 X - an uncursed ring of poison resistance
 Y - an uncursed ring of see invisible
Wands
 w - a wand of iceblast (7/15)
 y - a wand of acid (2/15)
 D - a wand of polymorph (15/24)
 M - a wand of heal wounds (4/9)
 Q - a wand of disintegration (7/24)
 R - a wand of acid (4/15)
 W - a wand of teleportation (6/9)
Scrolls
 i - 3 scrolls of remove curse
 p - a scroll of fog
 q - 2 scrolls of magic mapping
 v - 3 scrolls of enchant weapon
 z - a scroll of fear
 H - a scroll of recharging
 L - 7 scrolls of teleportation
 N - 2 scrolls of blinking
 U - 3 scrolls of identify
Potions
 j - a potion of invisibility
 u - 2 potions of agility
 x - a potion of heal wounds
 B - 8 potions of curing
 E - a potion of ambrosia
 F - a potion of brilliance
 G - a potion of resistance
 J - a potion of flight
 K - 2 potions of berserk rage
 O - a potion of haste
 P - a potion of lignification
 V - a potion of might
Miscellaneous
 m - a sack of spiders
Comestibles
 d - 8 bread rations
 k - 10 meat rations
 l - 6 fruits
 t - 7 slices of pizza
 C - 7 beef jerkies


   Skills:
 + Level 8.1(13.1) Fighting
 - Level 7.5(12.5) Long Blades
 - Level 14.5(19.5) Staves
 * Level 13.6(18.6) Bows
 - Level 3.3(8.3) Armour
 + Level 10.0(15.0) Dodging
 - Level 2.0(7.0) Stealth
 - Level 10.2 Hexes
 - Level 7.0 Invocations


You had 6 spell levels left.
You knew the following spells:

 Your Spells              Type           Power        Failure   Level  Hunger
a - Corona                Hex            #####..      1%          1    ##.....
b - Confuse               Hex            #####...     1%          3    ####...
c - Tukima's Dance        Hex            #####...     1%          3    ####...


Dungeon Overview and Level Annotations

Branches:
Dungeon (12/15)            Temple (1/1) D:6            Lair (6/6) D:10
 Shoals (0/4) Lair:2       Spider (0/4) Lair:4        Slime (0/5) Lair:5
    Orc (2/2) D:10            Elf (0/3) Orc:2

Altars:
Ashenzari
Cheibriados
Dithmenos
Elyvilon
Fedhas
Gozag
Hepliaklqana
Kikubaaqudgha
Makhleb
Nemelex Xobeh
Okawaru
Qazlal
Ru
Sif Muna
Trog
Uskayaw
Vehumet
Xom
Yredelemnul
Zin
The Shining One
Jiyva

Shops:
D:4 *   D:6 [   D:9 (

Annotations:
D:1 exclusion: downstairs
D:2 exclusion: worm, Ijyb
D:4 exclusion: sky beast
D:5 hill giant
D:9 !, Leybi's ghost, journeyman GrEE
D:12 exclusions: death knight and ugly thing
Lair:5 herpmino's ghost, journeyman NaCK


Message History

The orc wizard gestures at you while chanting.
The magic dart hits you!
* * * LOW HITPOINT WARNING * * *
The red devil barely misses you.
You feel sick.
The sun demon hits you but does no damage.
The orange demon stings you but does no damage.
The sun demon barely misses you.
The orc wizard hits you but does no damage.
The orc sorcerer hits you but does no damage.
You are lethally poisoned!
Something hits you but does no damage.
The orc high priest hits you from afar with a trident.
* * * LOW HITPOINT WARNING * * *
The orc sorcerer mumbles some strange words.
* * * LOW HITPOINT WARNING * * *
You feel sick.
The orc wizard hits you but does no damage.
The sun demon hits you!!
You die...

#.............
#..............
#.........>....
###...........).. #####
##.##..........).. ....#
#......#......).).
#...###$.#....#.#.......
#...#..3#....#.........
#..##@o#.).)).........
#.oo3o{...).#.##.....#
#.(o443(...#####.#..##
#(.o4##...## #......#
#((###...## ##..#.## #).
##.## #...## .... ###
##.## .)... ### #.....


You could see an orc high priest, 2 sun demons, an orange demon, an ice devil, a
neqoxec, 2 orc sorcerers, a red devil, an orc priest and 2 orc wizards.

Vanquished Creatures
  2 ice dragons (IceCv)
  Erica (D:9)
  6 hydras
  3 catoblepae (Lair:6)
  16 death yaks
  Urug (Lair:3)
  An unseen horror (D:10)
  2 hill giants
  A manticore (D:11)
  A cyclops (D:12)
  3 black mambas
  22 elephants
  A centaur skeleton (D:12)
  2 ice statues (IceCv)
  11 spiny frogs
  A kobold demonologist (D:9)
  5 rime drakes
  6 komodo dragons
  2 ice devils (Lair:5)
  2 jumping spiders (Lair:4)
  A troll (D:12)
  A polar bear (Lair:6)
  11 hippogriffs
  Grinder (D:3)
  A two-headed ogre (D:11)
  18 blink frogs
  A hornet (D:10)
  7 dream sheep (Lair:6)
  Sigmund (D:3)
  2 redbacks (Lair:4)
  47 yaks
  A human (D:7)
  A wyvern (Lair:3)
  A basilisk (Lair:2)
  4 hogs (D:7)
  A hungry ghost (D:7)
  Grum (Lair:1)
  A warg (Orc:1)
  Duvessa (D:7)
  8 porcupines
  9 water moccasins
  9 orc warriors
  4 sky beasts
  2 black bears
  16 ice beasts
  A necrophage (D:11)
  6 ogres
  5 wolves
  6 centaurs
  13 crocodiles
  16 big kobolds
  10 bullfrogs
  A gnoll sergeant (D:5)
  Dowan (D:7)
  2 scorpions
  A wyvern skeleton (D:12)
  A water moccasin skeleton (D:5)
  6 killer bees
  7 wights
  5 howler monkeys
  An electric eel (Lair:5)
  4 centaur zombies
  2 crimson imps
  Crazy Yiuf (D:3)
  8 hounds
  6 jellies
  12 orc priests
  3 bullfrog skeletons
  26 orc wizards
  5 iguanas
  8 worker ants
  A killer bee zombie (D:9)
  Robin (D:3)
  A howler monkey skeleton (D:9)
  3 gnolls
  8 adders
  3 shadow imps
  An adder skeleton (D:5)
  An adder zombie (D:6)
  2 worms
  2 dart slugs
  5 leopard geckos
  55 orcs
  3 bats
  8 giant cockroaches
  13 goblins
  7 hobgoblins
  16 jackals
  3 quokkas
  4 frilled lizards
  16 kobolds
  2 quokka skeletons
  6 rats
  3 fungi
560 creatures vanquished.

Vanquished Creatures (others)
  9 fungi
  16 plants
25 creatures vanquished.

Grand Total: 585 creatures vanquished

Notes
Turn   | Place    | Note
-------+----------+-------------------------------------------
     0 | D:1      | Leszczynek the Deep Elf Hunter began the quest for the Orb.
     0 | D:1      | Reached XP level 1. HP: 12/12 MP: 3/3
   415 | D:1      | 14 arrows to kill a cockroach
   572 | D:1      | Reached XP level 2. HP: 16/16 MP: 4/4
   584 | D:1      | Reached skill level 2 in Stealth
  1058 | D:2      | Noticed Ijyb
  1226 | D:1      | Reached skill level 5 in Bows
  1612 | D:2      | Found a blossoming altar of Fedhas.
  1670 | D:2      | Reached XP level 3. HP: 20/20 MP: 5/5
  2037 | D:3      | Noticed Robin
  2190 | D:3      | Noticed Sigmund
  2312 | D:3      | Killed Robin
  2470 | D:3      | Reached XP level 4. HP: 25/25 MP: 6/6
  2500 | D:3      | Reached skill level 6 in Bows
  2879 | D:3      | Noticed Grinder
  2891 | D:3      | Paralysed by Grinder for 6 turns
  3468 | D:4      | can you be any more obnoxious
  3854 | D:4      | Reached skill level 2 in Fighting
  4140 | D:4      | Noticed a sky beast
  4400 | D:4      | Found Diaprij's General Store.
  4526 | D:4      | Bought 23 arrows for 55 gold pieces
  4526 | D:4      | Bought a scroll of identify for 24 gold pieces
  4526 | D:4      | Bought 10 arrows for 24 gold pieces
  4526 | D:4      | Bought a potion of invisibility for 96 gold pieces
  4612 | D:4      | Reached XP level 5. HP: 30/31 MP: 7/7
  4613 | D:4      | i can kill this but not an ant
  4613 | D:4      | logic
  4748 | D:5      | Entered Level 5 of the Dungeon
  4859 | D:5      | Reached skill level 3 in Dodging
  4897 | D:5      | Reached skill level 3 in Fighting
  4897 | D:5      | Reached XP level 6. HP: 22/37 MP: 8/8
  4903 | D:5      | Reached skill level 7 in Bows
  5712 | D:5      | Noticed an ice beast
  5803 | D:5      | Reached skill level 4 in Dodging
  5803 | D:5      | Reached XP level 7. HP: 30/41 MP: 9/9
  6090 | D:5      | Noticed a hill giant
  6091 | D:5      | uh huh
  6091 | D:5      | sure
  6173 | D:6      | Reached skill level 8 in Bows
  6441 | D:6      | Found Isoymux's Antique Armour Emporium.
  6443 | D:6      | Found a staircase to the Ecumenical Temple.
  6459 | Temple   | Entered the Ecumenical Temple
  6519 | Temple   | Became a worshipper of Warmaster Okawaru
  6696 | D:6      | Reached skill level 9 in Bows
  6849 | D:6      | Reached * piety under Okawaru
  6849 | D:6      | Reached XP level 8. HP: 46/46 MP: 10/10
  7039 | D:6      | Reached skill level 10 in Bows
  7574 | D:7      | Noticed Dowan
  7576 | D:7      | Noticed Duvessa
  7599 | D:7      | Killed Duvessa
  7599 | D:7      | Reached skill level 1 in Long Blades
  7678 | D:7      | Reached skill level 2 in Long Blades
  7970 | D:7      | Reached skill level 4 in Fighting
  7970 | D:7      | Reached skill level 5 in Dodging
  8025 | D:7      | Reached skill level 3 in Long Blades
  8406 | D:7      | Reached ** piety under Okawaru
  8671 | D:7      | Reached skill level 4 in Long Blades
  8671 | D:7      | Reached XP level 9. HP: 47/52 MP: 11/11
  8687 | D:7      | Killed Dowan
  8739 | D:7      | Reached skill level 6 in Dodging
  8978 | D:7      | Reached skill level 5 in Long Blades
  8992 | D:7      | Reached skill level 5 in Fighting
  9196 | D:7      | Reached skill level 7 in Dodging
  9643 | D:7      | Found an iron altar of Okawaru.
  9661 | D:7      | Reached skill level 6 in Long Blades
  9740 | D:7      | Reached *** piety under Okawaru
 10099 | D:8      | Learned a level 1 spell: Corona
 10103 | D:8      | Learned a level 3 spell: Confuse
 10120 | D:8      | You fall through a shaft for 2 floors!
 10120 | D:10     | Entered Level 10 of the Dungeon
 10120 | D:10     | Found a staircase to the Orcish Mines.
 10359 | D:10     | Reached XP level 10. HP: 53/60 MP: 12/12
 10459 | D:10     | Received a gift from Okawaru
 10789 | D:9      | Reached skill level 7 in Long Blades
 10840 | D:9      | Found Gofusur's Weapon Shoppe.
 10844 | D:9      | Bought 24 arrows for 48 gold pieces
 10844 | D:9      | Bought a +0 quarterstaff for 40 gold pieces
 10921 | D:9      | Reached skill level 6 in Fighting
 10921 | D:9      | Reached skill level 1 in Staves
 10921 | D:9      | Reached skill level 8 in Dodging
 11021 | D:9      | Noticed Erica
 11050 | D:9      | Reached skill level 1 in Hexes
 11062 | D:9      | Killed Erica
 11062 | D:9      | Received a gift from Okawaru
 11062 | D:9      | Reached skill level 2 in Staves
 11062 | D:9      | Reached skill level 3 in Hexes
 11112 | D:9      | Reached skill level 4 in Hexes
 11115 | D:9      | Received a gift from Okawaru
 11174 | D:9      | Noticed a rust devil
 11176 | D:9      | Noticed Leybi's ghost (journeyman GrEE)
 11184 | D:9      | Reached **** piety under Okawaru
 11184 | D:9      | Reached skill level 5 in Hexes
 11207 | D:9      | Reached skill level 3 in Staves
 11324 | D:8      | Got a pair of encrusted gloves
 11330 | D:8      | Identified the +1 pair of gloves "Fuseagg" {rElec rC+ Int+4 Dex+6} (You found it on level 8 of the Dungeon)
 11330 | D:8      | nice
 11520 | D:8      | Reached skill level 1 in Invocations
 11565 | D:8      | Received a gift from Okawaru
 11722 | D:8      | Reached skill level 2 in Invocations
 11752 | D:8      | Reached skill level 6 in Hexes
 11954 | D:9      | Reached skill level 3 in Invocations
 12432 | D:10     | Killed an unseen horror
 12432 | D:10     | Reached skill level 11 in Bows
 12432 | D:10     | Reached skill level 4 in Invocations
 12432 | D:10     | Reached XP level 11. HP: 47/64 MP: 14/16
 12683 | D:10     | Reached skill level 7 in Hexes
 12683 | D:10     | Reached skill level 5 in Invocations
 12699 | D:10     | Reached ***** piety under Okawaru
 12710 | D:10     | Received a gift from Okawaru
 12801 | D:10     | Found a staircase to the Lair.
 12904 | D:10     | Reached skill level 6 in Invocations
 13459 | D:3      | Killed Grinder
 13862 | D:3      | Killed Sigmund
 13862 | D:3      | Reached skill level 7 in Invocations
 13958 | D:3      | Found a runed door.
 13962 | D:3      | Noticed Crazy Yiuf
 13969 | D:3      | Killed Crazy Yiuf
 14147 | D:9      | Received a gift from Okawaru
 14291 | D:9      | Got a vibrating bone ring
 14298 | D:9      | Identified the ring "Iteselyu" {-Tele +Inv rPois MR+} (You took it off a big kobold on level 9 of the Dungeon)
 14414 | D:11     | Received a gift from Okawaru
 14506 | D:11     | Noticed a hill giant
 14525 | D:11     | Killed a hill giant
 14811 | D:11     | Reached skill level 8 in Hexes
 15216 | D:11     | Reached skill level 7 in Fighting
 15409 | D:12     | Found a sparkling altar of Nemelex Xobeh.
 15438 | D:12     | Found a sparkling altar of Nemelex Xobeh.
 15466 | D:12     | Noticed a brown ugly thing
 15509 | D:12     | Noticed a death knight
 15528 | D:12     | Noticed a hill giant
 15547 | D:12     | Killed a hill giant
 15616 | D:12     | Reached XP level 12. HP: 72/72 MP: 19/19
 15694 | D:12     | Noticed a five-headed hydra
 15713 | D:12     | Killed a one-headed hydra
 15713 | D:12     | Reached skill level 9 in Hexes
 15737 | D:12     | Reached skill level 12 in Bows
 15760 | D:12     | Received a gift from Okawaru
 15761 | D:12     | Got a shimmering hat {god gift}
 15773 | D:12     | Identified the +1 hat of Tulips {rPois rC+ Int-2} (Okawaru gifted it to you on level 12 of the Dungeon)
 16204 | Lair:1   | Entered Level 1 of the Lair of Beasts
 16204 | Lair:1   | Noticed Grum
 16224 | Lair:1   | Killed Grum
 16331 | Lair:1   | Reached skill level 8 in Fighting
 16475 | Lair:1   | Got a steaming ring mail
 16486 | Lair:1   | Identified the +3 ring mail of Orthodoxy {rF++} (You found it on level 1 of the Lair of Beasts)
 16708 | Lair:1   | Reached skill level 4 in Staves
 17055 | Lair:1   | Reached skill level 10 in Hexes
 17060 | Lair:1   | Reached skill level 5 in Staves
 17471 | Lair:2   | Found a staircase to the Shoals.
 17770 | Lair:2   | Reached skill level 9 in Dodging
 17820 | Lair:2   | Reached skill level 6 in Staves
 17993 | Lair:2   | You fall through a shaft!
 18933 | Lair:3   | Received a gift from Okawaru
 18933 | Lair:3   | Reached skill level 7 in Staves
 18942 | Lair:3   | Reached XP level 13. HP: 47/78 MP: 12/20
 19596 | Lair:3   | Reached skill level 13 in Bows
 19642 | Lair:3   | Noticed Urug
 19664 | Lair:3   | Killed Urug
 19772 | Lair:3   | Reached skill level 8 in Staves
 19774 | Lair:3   | Reached skill level 10 in Dodging
 20154 | Lair:4   | Reached skill level 1 in Armour
 20401 | Lair:4   | Found a hole to the Spider Nest.
 20574 | Lair:4   | Reached skill level 2 in Armour
 20604 | Lair:4   | Reached skill level 9 in Staves
 21359 | Lair:5   | Found a frozen archway.
 21382 | IceCv    | Entered an ice cave
 22016 | IceCv    | Reached skill level 3 in Armour
 22273 | IceCv    | Reached skill level 10 in Staves
 22310 | IceCv    | Got a faintly glowing golden ring
 22323 | IceCv    | Identified the cursed ring "Bieshrese" {MR- EV-2 Int+7 Dex+7} (You found it in an ice cave)
 22609 | D:9      | Bought the +6 lajatang of the Eight Wonders {slice, +Rage rC+ rN+ Stlth+} for 770 gold pieces
 22740 | Lair:5   | Found a viscous altar of Jiyva.
 22740 | Lair:5   | Found a staircase to the Slime Pits.
 22759 | Lair:5   | Noticed herpmino's ghost (journeyman NaCK)
 22889 | Lair:4   | Received a gift from Okawaru
 23751 | Lair:5   | Received a gift from Okawaru
 23751 | Lair:5   | Reached skill level 11 in Staves
 23810 | Lair:6   | Entered Level 6 of the Lair of Beasts
 23876 | Lair:6   | Identified a +1 pair of boots of running (You found it on level 6 of the Lair of Beasts)
 24076 | Lair:6   | Reached XP level 14. HP: 83/84 MP: 18/21
 24302 | Lair:6   | Received a gift from Okawaru
 24572 | Lair:6   | Received a gift from Okawaru
 24572 | Lair:6   | Reached skill level 12 in Staves
 24857 | Lair:6   | Received a gift from Okawaru
 25335 | Lair:6   | Received a gift from Okawaru
 25335 | Lair:6   | Reached skill level 13 in Staves
 25497 | Lair:6   | Received a gift from Okawaru
 26114 | Lair:6   | Received a gift from Okawaru
 26121 | Lair:6   | Got a twisted longbow {god gift}
 26122 | Lair:6   | Identified the +6 longbow of Magnificence {freeze, -Tele rC+ Str+6 Dex+4} (Okawaru gifted it to you on level 6 of the Lair of Beasts)
 26227 | Lair:6   | Reached skill level 14 in Staves
 26611 | D:10     | Learned a level 3 spell: Tukima's Dance
 26643 | Orc:1    | Entered Level 1 of the Orcish Mines
 26643 | Orc:1    | Found a burning altar of Makhleb.
 27014 | Orc:2    | Entered Level 2 of the Orcish Mines
 27014 | Orc:2    | Found a staircase to the Elven Halls.
 27154 | Orc:2    | Paralysed by an orc sorcerer for 7 turns
 27158 | Orc:2    | HP: 7/84 [orc wizard/magic dart (3)]
 27159 | Orc:2    | HP: 3/84 [orc high priest/trident (3)]
 27160 | Orc:2    | Demolished by a sun demon

Skill      XL: |  1  2  3  4  5  6  7  8  9 10 11 12 13 14 |
---------------+-------------------------------------------+-----
Stealth        | 2 |  2.0
Bows           | 5 6 7 9 10 11 12 13 | 13.6
Fighting       | 2 3 4 5 6 7 8 |  8.1
Dodging        | 3 4 5 7 8 9 10 | 10.0
Long Blades    | 4 6 7 |  7.5
Staves         | 3 7 11 14 | 14.5
Hexes          | 6 8 10 | 10.2
Invocations    | 4 7 |  7.0
Armour         | 3 |  3.3

Action                   |  1- 3 |  4- 6 |  7- 9 | 10-12 | 13-15 || total
-------------------------+-------+-------+-------+-------+-------++-------
Melee: Short sword       |    85 |    83 |   237 |    12 |       ||   417
       Scimitar          |       |       |       |   409 |   262 ||   671
       Punch             |       |       |       |     1 |     5 ||     6
       Lajatang          |       |       |       |       |   298 ||   298
 Fire: Shortbow          |    49 |   162 |   358 |   687 |   399 ||  1655
       Longbow           |       |       |       |       |   200 ||   200
 Cast: Confuse           |       |       |       |     8 |     8 ||    16
Invok: Heroism           |       |       |    10 |    17 |    17 ||    44
       Finesse           |       |       |       |     1 |     1 ||     2
Evoke: Wand              |       |       |       |    16 |       ||    16
  Use: Potion            |     5 |     1 |     2 |     1 |       ||     9
       Scroll            |       |    10 |     3 |    16 |     8 ||    37
 Stab: Sleeping          |     2 |       |     2 |     1 |     1 ||     6
       Invisible         |     2 |       |       |       |       ||     2
       Confused          |       |       |       |     2 |       ||     2
       Petrified         |       |       |       |       |     4 ||     4
  Eat: Chunk             |     3 |     3 |    12 |    22 |    17 ||    57
       Beef jerky        |     1 |     1 |       |       |       ||     2
       Pizza             |       |     1 |       |       |     1 ||     2
       Bread ration      |       |     1 |       |       |       ||     1
       Royal jelly       |       |       |     1 |       |     1 ||     2
       Fruit             |       |       |     3 |     6 |     7 ||    16
Armor: Leather armour    |    12 |       |    72 |    71 |       ||   155
       Ring mail         |    25 |    58 |     6 |    50 |   150 ||   289
       Skin              |    18 |       |       |       |       ||    18
Dodge: Dodged            |    73 |   148 |   318 |   484 |   516 ||  1539
Block: Other             |       |    20 |    37 |    42 |       ||    99
       Reflection        |       |       |     1 |     2 |       ||     3
       Rpst.: Scimitar   |       |       |       |    80 |    78 ||   158
